 Dungeon Crawl Stone Soup version 0.27-a0-364-g31b3477d74 (webtiles) character file.

Game seed: 15969522765029978392

436 tilp the Insei (level 7, -1/43 HPs)
             Began as an Octopode Transmuter on Feb 16, 2021.
             Was a Believer of Ru.
             Slain by a jelly (3 damage)
             ... on level 5 of the Dungeon.
             The game lasted 00:07:07 (4981 turns).

tilp the Insei (Octopode Transmuter)                Turns: 4981, Time: 00:07:08

Health: -1/43      AC: -19   Str: 10    XL:     7   Next: 1%
Magic:  9/10       EV: 13    Int: 23    God:    Ru [**....]
Gold:   257        SH:  0    Dex: 12    Spells: 2/10 levels left

rFire    . . .     SeeInvis .     - Unarmed
rCold    . . .     Faith    .   (no shield)
rNeg     . . .     Spirit   .   (helmet currently unavailable)
rPois    .         Reflect  .   l - amulet of the acrobat
rElec    .         Harm     .   a - +6 ring of intelligence
rCorr    .         Rampage  .   (no ring)
Will     .....                  (no ring)
Stlth    +++.......             (no ring)
HPRegen  0.14/turn              (no ring)
MPRegen  0.12/turn              (no ring)
                                (no ring)
                                (no ring)

@: appendages, corroded
A: almost no armour, stealthy swim, amphibious, 8 rings, constrict 8, tentacle
spike 3, camouflage 1, frail 1, gelatinous body 1
a: End Transformation, Renounce Religion


You were on level 5 of the Dungeon.
You worshipped Ru.
Ru was pleased with you.
One of your tentacles had a temporary spike.
You visited 1 branch of the dungeon, and saw 5 of its levels.

You collected 257 gold pieces.

Inventory:

Missiles
 b - 114 stones
 g - 14 boomerangs (quivered)
 r - 5 boomerangs of dispersal
Jewellery
 a - a +6 ring of intelligence (left tentacle)
 l - an amulet of the acrobat (around mantle)
Scrolls
 d - 2 scrolls of enchant armour {unknown}
 e - a scroll of fog {unknown}
 f - 2 scrolls of enchant weapon {unknown}
 h - a scroll of teleportation {unknown}
 k - a scroll of fear
Potions
 c - 3 potions of curing
 i - a potion of resistance
 j - a potion of ambrosia
 m - a potion of might
 n - a potion of haste
 q - a potion of degeneration


   Skills:
 - Level 4.0 Fighting
 - Level 2.0 Dodging
 - Level 4.0 Stealth
 + Level 5.7 Unarmed Combat
 - Level 2.0 Spellcasting
 - Level 2.0 Transmutations


You had 2 spell levels left.
You knew the following spells:

 Your Spells              Type           Power        Failure   Level
a - Beastly Appendage     Tmut           22%          5%          1
b - Wereblood             Tmut           11%          9%          2
c - Spider Form           Tmut/Pois      3%           26%         3
d - Corona                Hex            2%           13%         1
e - Apportation           Tloc           4%           13%         1

Your spell library contained the following spells:

 Spells                   Type           Power        Failure   Level
 Animate Skeleton         Necr           4%           13%         1
 Foxfire                  Conj/Fire      8%           13%         1
 Summon Small Mammal      Summ           8%           13%         1
 Conjure Flame            Conj/Fire      2%           36%         3
 Inner Flame              Hex/Fire       2%           36%         3
 Ice Form                 Ice/Tmut       6%           63%         4
 Sticky Flame             Conj/Fire      2%           77%         4
 Blade Hands              Tmut           5%           83%         5
 Fireball                 Conj/Fire      1%           98%         5


Dungeon Overview and Level Annotations

Branches:
Dungeon (5/15)             Temple (0/1) D:4

Altars:
Gozag
Kikubaaqudgha
Makhleb
Ru
Zin
The Shining One

Annotations:
D:3 Sigmund
D:4 Grinder
D:5 2 exclusions, Duvessa


Innate Abilities, Weirdness & Mutations

You cannot wear most types of armour.
You are very stealthy in the water. (Stealth+)
You are amphibious.
You can wear up to eight rings at the same time.
You can use your tentacles to constrict eight enemies at once.
Your skin changes colour to match your surroundings (Stealth+).
You are frail. (-10% HP)
Your rubbery body absorbs attacks. (AC +1, EV +1)
One of your tentacles bears a large vicious spike.


Message History

Unknown command.
You tentacle-slap the jelly but do no damage.
Your tentacles burn!
* * * LOW HITPOINT WARNING * * *
The jelly is heavily wounded.
The jelly hits you.
* * * LOW HITPOINT WARNING * * *
The acid corrodes you!
You are splashed with acid!
* * * LOW HITPOINT WARNING * * *
You feel much better. The jelly barely misses you.
Casting: Beastly Appendage (safe; 5% risk of failure)
Confirm with . or Enter, or press ? or * to list all spells.
One of your tentacles grows a vicious spike.
The jelly barely misses you.
You barely miss the jelly.
The jelly is heavily wounded.
The jelly hits you.
* * * LOW HITPOINT WARNING * * *
The acid corrodes you!
You are splashed with acid!
* * * LOW HITPOINT WARNING * * *
You tentacle-slap the jelly but do no damage.
Your tentacles burn!
* * * LOW HITPOINT WARNING * * *
You tentacle-slap the jelly, but do no damage.
The jelly is heavily wounded.
You redirect the jelly's attack!
The jelly hits itself.
You tentacle-slap the jelly but do no damage.
The acid corrodes you!
Your tentacles burn!
* * * LOW HITPOINT WARNING * * *
Your tentacle spike misses the jelly.
The jelly is severely wounded.
The jelly barely misses you.
Unknown command.
You tentacle-slap the jelly but do no damage.
The acid corrodes you!
Your tentacles burn!
* * * LOW HITPOINT WARNING * * *
The jelly is severely wounded.
The jelly hits you.
You die...

# ..## ....#####
........###
..........##
...........###
#.....J@?....#
#..#..>..†.####
#......#.#<##
#....##.....#
......#........#
##.....#.......##
#............##
........#....#
....##.....


You could see a jelly.

Vanquished Creatures
  Menkaure (D:4)
  An ogre (D:4)
  A hound (D:5)
  A jelly (D:3)
  Jessica (D:3)
  An iguana (D:4)
  A hound skeleton (D:4)
  3 adders
  An ooze (D:3)
  An adder skeleton (D:4)
  A worm (D:3)
  2 leopard geckos
  4 orcs
  8 bats
  2 bat zombies (D:4)
  7 giant cockroaches
  8 goblins
  5 hobgoblins
  8 jackals
  3 kobolds
  A quokka (D:3)
  A ball python (D:3)
  A frilled lizard (D:2)
  5 rats
68 creatures vanquished.

Notes
Turn   | Place    | Note
-------+----------+-------------------------------------------
     0 | D:1      | tilp the Octopode Transmuter began the quest for the Orb.
     0 | D:1      | Reached XP level 1. HP: 13/13 MP: 3/3
   172 | D:1      | Reached skill level 1 in Stealth
   217 | D:1      | Reached XP level 2. HP: 14/18 MP: 5/5
   220 | D:1      | Learned a level 2 spell: Wereblood
   628 | D:1      | You fall into a shaft and drop 1 floor!
  1333 | D:2      | Found a glowing silver altar of Zin.
  1333 | D:2      | Found a burning altar of Makhleb.
  1333 | D:2      | Found a sacrificial altar of Ru.
  1335 | D:2      | Found a glowing golden altar of the Shining One.
  1343 | D:2      | Reached XP level 3. HP: 15/23 MP: 4/6
  1345 | D:2      | Became a worshipper of Ru the Awakened
  1859 | D:2      | Found an opulent altar of Gozag.
  2288 | D:2      | Learned a level 3 spell: Spider Form
  2434 | D:3      | Reached XP level 4. HP: 23/29 MP: 4/7
  2547 | D:3      | Noticed Sigmund
  2774 | D:3      | Found a sacrificial altar of Ru.
  3252 | D:3      | Gained mutation: You are frail. (-10% HP) [Ru sacrifice]
  3252 | D:3      | Reached * piety under Ru
  3252 | D:3      | Reached ** piety under Ru
  3294 | D:3      | Noticed Jessica
  3300 | D:3      | Killed Jessica
  3301 | D:3      | Reached XP level 5. HP: 18/31 MP: 6/8
  3588 | D:3      | Reached skill level 4 in Unarmed Combat
  3992 | D:4      | Learned a level 1 spell: Corona
  3994 | D:4      | Learned a level 1 spell: Apportation
  3994 | D:4      | Noticed Grinder
  4104 | D:4      | Found a staircase to the Ecumenical Temple.
  4248 | D:4      | Noticed an ogre
  4255 | D:4      | Killed an ogre
  4256 | D:4      | Reached XP level 6. HP: 38/38 MP: 7/9
  4435 | D:4      | Noticed Menkaure
  4448 | D:4      | Killed Menkaure
  4449 | D:4      | Reached skill level 5 in Unarmed Combat
  4607 | D:4      | Found an ancient bone altar of Kikubaaqudgha.
  4923 | D:5      | Entered Level 5 of the Dungeon
  4923 | D:5      | Noticed Duvessa
  4966 | D:5      | Reached XP level 7. HP: 42/43 MP: 8/10
  4975 | D:5      | HP: 2/43 [acid (7)]
  4981 | D:5      | HP: 2/43 [acid (4)]
  4981 | D:5      | Slain by a jelly

Illustrated notes

Levels and vault maps discovered:
D:1:      dpeg_arrival_radiant, layout_basic, feat_on_display
D:2:      layout_basic, overflow_temple_1_default, grunt_temple_overflow_open,
          serial_aquarium, aquarium_bridge_square [aquarium_subvault_bridge,
          aquarium_subvault_wall, aquarium_subvault_balcony,
          aquarium_subvault_balcony], aquarium_bridge_island_small
          [aquarium_subvault_small_water, aquarium_subvault_wall,
          aquarium_subvault_bridge, aquarium_subvault_bridge,
          aquarium_subvault_wall], aquarium_window_fake, aquarium_window_fake,
          aquarium_view_4, aquarium_view_2e, aquarium_pool_2,
          minmay_misc_feat_secret_circle
D:3:      layout_loops_ring, nicolae_ru_great_annihilating_truth, uniq_jessica,
          uniq_sigmund
D:4:      layout_loops_ring, lemuel_zombie_altar_kikubaaqudgha, temple_doors_e,
          st_stairs_2, uniq_menkaure, uniq_grinder
D:5:      layout_cave_pools, basic_altar, uniq_duvessa, uniq_edmund

Skill      XL: |  1  2  3  4  5  6 |
---------------+-------------------+-----
Stealth        | 2 4 |  4.0
Fighting       | 2 3 4 |  4.0
Unarmed Combat | 4 5 |  5.7
Dodging        | |  2.0
Spellcasting   | |  2.0
Transmutations | |  2.0

Action                   |  1- 3 |  4- 6 |  7- 9 || total
-------------------------+-------+-------+-------++-------
Melee: Unarmed           |    93 |    64 |    10 ||   167
       Constrict         |    28 |    18 |       ||    46
       Tentacles         |    12 |    19 |     1 ||    32
       Kick              |     9 |    12 |     1 ||    22
       Punch             |       |       |     1 ||     1
Throw: Boomerang         |       |     9 |       ||     9
 Cast: Beastly Appendage |     8 |    10 |     1 ||    19
       Wereblood         |     3 |     2 |       ||     5
Invok: Sacrifice Health  |       |     1 |       ||     1
  Use: Scroll            |     4 |     4 |       ||     8
       Potion            |       |     1 |     1 ||     2
 Stab: Sleeping          |    10 |     7 |       ||    17
       Paralysed         |       |     2 |       ||     2
       Invisible         |       |     1 |       ||     1
Armor: Skin              |    12 |     6 |       ||    18
Dodge: Dodged            |    55 |    33 |     6 ||    94

Table legend: (Time is in decaauts)
 A = Elapsed time spent in this place.
 B = Non-inter-level travel time spent in this place.
 C = Inter-level travel time spent in this place.
 D = Time resting spent in this place.
 E = Time spent auto-exploring this place.
 F = Levels seen in this place.
 G = Mean time per level.
                   A        B        C        D        E       F      G
               +--------+--------+--------+--------+--------+-----+--------+
         Total |   4978 |   4800 |    178 |    715 |   3376 |   5 |  995.6 |
       Dungeon |   4978 |   4800 |    178 |    715 |   3376 |   5 |  995.6 |
               +--------+--------+--------+--------+--------+-----+--------+

Top non-repeatable levels by time:
     D:3: 1322 daAuts
     D:1: 1250 daAuts
     D:2: 1217 daAuts
     D:4: 1163 daAuts
     D:5: 25 daAuts
